 Dungeon Crawl Stone Soup version 0.22-a0-525-gf69a080 (webtiles) character file.

39 saradell the Shield-Bearer (level 3, -10/33 HPs)
             Began as a Deep Dwarf Fighter on June 20, 2018.
             Killed from afar by Sigmund (11 damage)
             ... with a puff of flame
             ... on level 2 of the Dungeon.
             The game lasted 00:15:10 (866 turns).

saradell the Shield-Bearer (Deep Dwarf Fighter)      Turns: 866, Time: 00:15:11

Health: -10/33     AC:  6    Str: 20    XL:     3   Next: 26%
Magic:  3/3        EV:  7    Int:  8    God:
Gold:   59         SH:  9    Dex: 12    Spells: 2/2 levels left

rFire    . . .     SeeInvis .   h - +0 mace (crush)
rCold    . . .     Gourm    .   c - +0 shield
rNeg     . . .     Faith    .   b - +0 scale mail
rPois    .         Spirit   .   (no helmet)
rElec    .         Reflect  .   (no cloak)
rCorr    .         Harm     .   (no gloves)
MR       .....                  (no boots)
Stlth    ..........             (no amulet)
HPRegen  0.00/turn              (no ring)
MPRegen  0.08/turn              (no ring)

@: non-regenerating
A: damage resistance, heal wounds, sense surroundings 1, no regeneration
a: Heal Wounds


You were on level 2 of the Dungeon.
You were not hungry.

You visited 1 branch of the dungeon, and saw 2 of its levels.

You collected 59 gold pieces.

Inventory:

Hand Weapons
 a - a +0 long sword
 h - a +0 mace of crushing (weapon)
 i - a +0 falchion
 j - a cursed -1 dagger
Missiles
 m - 21 stones (quivered)
Armour
 b - a +0 scale mail (worn)
 c - a +0 shield (worn)
 n - a +0 ring mail
Scrolls
 e - 2 scrolls of identify
Potions
 d - a potion of might
 g - a potion of flight {unknown}
 k - a potion of curing
 l - a potion of berserk rage {unknown}
Comestibles
 f - 3 rations


   Skills:
 + Level 2.9 Fighting
 + Level 2.2 Long Blades
 + Level 0.8 Maces & Flails
 + Level 3.5 Armour
 + Level 4.1 Shields


You had 2 spell levels left.
You didn't know any spells.
Your spell library was empty.

Dungeon Overview and Level Annotations

Branches:
Dungeon (2/15)

Altars:
Okawaru

Annotations:
D:2 Sigmund


Innate Abilities, Weirdness & Mutations

You are resistant to damage.
You can heal yourself by infusing magical energy.
You passively map a small area around you.
You do not regenerate.


Message History

* * * LOW HITPOINT WARNING * * *
You escape the ball python's grasp.
Sigmund's eyes start glowing with a red light.
Sigmund casts a spell at you. You resist with some effort.
There is an open door here.
You closely miss the quokka. You block the quokka's attack. x2
Sigmund barely misses you.
You miss the quokka. The quokka closely misses you.
Sigmund hits you from afar with a scythe.
* * * LOW HITPOINT WARNING * * *
You block the quokka's attack.
You barely miss the quokka. You block the quokka's attack.
You block Sigmund's attack.
You completely miss the quokka.
The quokka bites you but does no damage.
The quokka bites you.
Sigmund points at you and mumbles some strange words.
The puff of flame hits you!
You die...

** ,, , , * *
*, * ### * *
* ... * ...,
* * ♣♣♣ , #.#
* , * ♣♣>♣ #.
#@# ** * *
♣..♣ #.##.#
#* , , ♣♣.♣♣
#.##@#.#* , ,
♣.♣♣ #.##r#.#
, ♣.♣
###...S..# ,
, , ♣♣.♣
#........# ,*
* ♣.♣♣
#.....w..##.
♣)♣
#...........#
♣♣♣.♣
#.......#####
♣..♣♣
#.......#
♣♣.♣♣
###...).#*###
,


You could see Sigmund, a worm, a quokka and a ball python.

Vanquished Creatures
  An adder (D:2)
  An ooze (D:1)
  A leopard gecko (D:1)
  A ball python (D:2)
  5 goblins
  3 hobgoblins
  3 kobolds
  5 bats
  2 frilled lizards
  3 rats
25 creatures vanquished.

Notes
Turn   | Place    | Note
-------+----------+-------------------------------------------
     0 | D:1      | saradell the Deep Dwarf Fighter began the quest for the Orb.
     0 | D:1      | Reached XP level 1. HP: 20/20 MP: 1/1
    47 | D:1      | Found an iron altar of Okawaru.
   118 | D:1      | Reached XP level 2. HP: 24/27 MP: 2/2
   757 | D:2      | Reached XP level 3. HP: 11/33 MP: 3/3
   798 | D:2      | Reached skill level 4 in Shields
   860 | D:2      | Noticed Sigmund
   864 | D:2      | HP: 1/33 [Sigmund/scythe (3)]
   866 | D:2      | Killed from afar by Sigmund

Vault maps used:
D:1:      lemuel_arrival_lava_pool, st_stairs_13, okawaru_ov_weapons_minmay
D:2:      kb_forest_paths, nicolae_overflow_hidden_temple, uniq_sigmund

Skill      XL: |  1  2  3 |
---------------+----------+-----
Shields        | 4 |  4.1
Fighting       | |  2.9
Long Blades    | |  2.2
Maces & Flails | |  0.8
Armour         | |  3.5

Action                   || total
-------------------------++-------
Melee: Long sword        ||    23
       Mace              ||    74
  Use: Scroll            ||     1
       Potion            ||     2
  Eat: Ration            ||     1
Armor: Scale mail        ||    57
Dodge: Dodged            ||    28
Block: Shield            ||    74
       Rpst.: Long sword ||     3

Table legend:
 A = Spawn XP
 B = Non-spawn XP
 C = Spawn XP percentage of total XP
 D = Spawn monster count
 E = Non-spawn monster count
 F = Spawn count percentage of total count
 G = Total turns spent on level
                    A         B        C        D         E        F      G
               +---------+---------+-------+---------+---------+-------+---------
         Total |       0 |      56 |   0.0 |       0 |      25 |   0.0 |   866
               +---------+---------+-------+---------+---------+-------+---------
           D:1 |       0 |      30 |   0.0 |       0 |      15 |   0.0 |   482
           D:2 |       0 |      26 |   0.0 |       0 |      10 |   0.0 |   384
               +---------+---------+-------+---------+---------+-------+---------
